 Dungeon Crawl Stone Soup version 0.30-a0-374-g95c0257040 (webtiles) character file.

Game seed: 15289879534853966965

33877 avis the Severer (level 13, -10/128 HPs)
             Began as a Hill Orc Monk on Nov 23, 2022.
             Was a High Priest of Beogh.
             Mangled by a mana viper (11 damage)
             ... led by a naga ritualist
             ... on level 1 of the Snake Pit on Nov 25, 2022.
             The game lasted 02:36:11 (24018 turns).

avis the Severer (Hill Orc Monk)                   Turns: 24018, Time: 02:36:12

Health: -10/128    AC: 15    Str: 23    XL:     13   Next: 73%
Magic:  0/28       EV: 10    Int: 14    God:    Beogh [*****.]
Gold:   1836       SH:  4    Dex: 19    Spells: 12/12 levels left

rFire   + . .      SeeInvis .    a - +6 hand axe of Arohampo {vorpal, Will+}
rCold   + . .      Faith    +    N - +0 buckler
rNeg    + . .      Spirit   .    T - +2 ring mail {rPois}
rPois   +          Reflect  .    A - +1 helmet
rElec   +          Harm     .    G - +0 cloak
rCorr   +          Rampage  .    Q - +0 pair of gloves
Will    +....                    h - +0 pair of boots
Stlth   ++........               J
                                   - Hermit's Pendant {Faith Invo=14 Evo=0 MP+5}
HPRegen 0.41/turn                c - +6 ring of dexterity
MPRegen 0.21/turn                q - ring "Tiwiam" {rElec rPois rN+ Str+4 Int+4}

@: lethally poisoned (-10 -> -13), about to teleport, resistant, weakened,
constricted
A: walk on water
a: Renounce Religion, Smiting, Recall Orcish Followers, Give Item to Named
Follower


You were on level 1 of the Snake Pit.
You worshipped Beogh.
Beogh was extremely pleased with you.
You visited 5 branches of the dungeon, and saw 20 of its levels.
You also visited: Ice Cave.

You collected 1836 gold pieces.

Inventory:

Hand Weapons
 a - the +6 hand axe of Arohampo (weapon) {vorpal, Will+}
   (You found it on level 5 of the Dungeon)

   It inflicts extra damage upon your enemies.
   Will:      It increases your willpower.
 b - a +0 hand axe of flaming
 w - a +0 battleaxe
Missiles
 e - 10 atropa-tipped darts
 j - 3 curare-tipped darts
 l - 13 boomerangs
 m - 3 throwing nets
 D - 27 poisoned darts (quivered)
Armour
 h - a +0 pair of boots (worn)
 A - a +1 helmet (worn)
 G - a +0 cloak (worn)
 N - a +0 buckler (worn)
 Q - a +0 pair of gloves (worn)
 T - a +2 ring mail of poison resistance (worn)
Jewellery
 c - a +6 ring of dexterity (left hand)
 q - the ring "Tiwiam" (right hand) {rElec rPois rN+ Str+4 Int+4}
   (You found it on level 3 of the Dungeon)

   [ring of positive energy]

   Str:       It affects your strength (+4).
   Int:       It affects your intelligence (+4).
   rElec:     It insulates you from electricity.
   rPois:     It protects you from poison.
   rN:        It protects you from negative energy.
 J - the Hermit's Pendant (around neck) {Faith Invo=14 Evo=0 MP+5}
   (You found it on level 8 of the Dungeon)

   [amulet of faith]

   It sets your invocations skill to 14 and your evocations skill to 0.
   It allows you to gain divine favour quickly.
   MP:        It affects your magic capacity (+5).
Wands
 Y - a wand of mindburst (9)
Scrolls
 f - 4 scrolls of brand weapon {unknown}
 k - 10 scrolls of teleportation
 n - 3 scrolls of noise {unknown}
 p - 4 scrolls of poison {unknown}
 r - a scroll of butterflies {unknown}
 v - 3 scrolls of summoning {unknown}
 x - a scroll of amnesia {unknown}
 z - a scroll of immolation {unknown}
 L - 2 scrolls of enchant armour {unknown}
 M - 2 scrolls of enchant weapon {unknown}
 O - 5 scrolls of fear {unknown}
 S - a scroll of magic mapping {unknown}
 Z - 2 scrolls of vulnerability {unknown}
Potions
 d - 2 potions of might
 g - 6 potions of curing
 o - a potion of berserk rage
 s - a potion of cancellation
 C - 3 potions of ambrosia
 E - 2 potions of flight
 H - a potion of brilliance {unknown}
 R - 3 potions of magic
 X - a potion of resistance


   Skills:
 - Level 16.0 Fighting
 - Level 18.0 Axes
 - Level 5.0 Throwing
 * Level 9.4 Armour
 - Level 5.0 Dodging
 - Level 3.0 Stealth
 - Level 7.9(14.0) Invocations


You had 12 spell levels left.
You didn't know any spells.
Your spell library contained the following spells:

 Spells                   Type           Power      Damage    Failure   Level
 Shock                    Conj/Air       0%         1d3       50%         1
 Blink                    Tloc           0%         N/A       65%         2
 Hailstorm                Conj/Ice       0%         3d3       86%         3
 Ignite Poison            Fire/Tmut/Pois 0%         N/A       86%         3
 Kindle Blastsparks       Fire/Tloc/Air  0%         2d10      86%         3
 Portal Projectile        Hex/Tloc       0%         N/A       86%         3
 Swiftness                Air            0%         N/A       86%         3
 Tukima's Dance           Hex            0%         N/A       86%         3
 Airstrike                Air            0%         2d(0-16)  99%         4
 Anguish                  Hex/Necr       0%         N/A       99%         4
 Animate Armour           Summ/Erth      0%         N/A       99%         4
 Ice Form                 Ice/Tmut       0%         N/A       99%         4
 Manifold Assault         Tloc           0%         N/A       99%         4
 Olgreb's Toxic Radiance  Pois           0%         N/A       99%         4
 Arcjolt                  Conj/Air       0%         1d10      100%        5
 Blade Hands              Tmut           0%         N/A       100%        5
 Freezing Cloud           Conj/Ice/Air   0%         6-21      100%        5
 Iron Shot                Conj/Erth      0%         9d1       100%        6
 Simulacrum               Ice/Necr       0%         N/A       100%        6
 Enfeeble                 Hex            0%         N/A       100%        7
 Storm Form               Tmut/Air       0%         N/A       100%        7
 Polar Vortex             Ice            0%         N/A       100%        9


Dungeon Overview and Level Annotations

Branches:
Dungeon (11/15)            Temple (1/1) D:7            Lair (5/5) D:11
 Shoals (0/4) Lair:2        Snake (1/4) Lair:3        Slime (0/5) Lair:5
    Orc (2/2) D:10            Elf (0/3) Orc:2         IceCv (visited)

Altars:
Ashenzari
Cheibriados
Dithmenos
Elyvilon
Fedhas
Gozag
Hepliaklqana
Kikubaaqudgha
Makhleb
Nemelex Xobeh
Okawaru
Qazlal
Ru
Sif Muna
Trog
Uskayaw
Vehumet
Wu Jian
Xom
Yredelemnul
Zin
The Shining One
Jiyva

Annotations:
D:3 1 runed translucent door, Lobster4's ghost, amateur MiHu
D:8 2 transporters, Applejack244's ghost, novice DsMo


Message History

You feel your power leaking away. The mana viper bites you.
* * * LOW HITPOINT WARNING * * *
The anaconda bites you but does no damage.
The anaconda constricts you.
* * * LOW HITPOINT WARNING * * *
You feel much better.
You feel sick.
The naga ritualist's toxic aura wanes.
The anaconda bites you! The anaconda closely misses you.
The anaconda constricts you. The mana viper barely misses you.
The mana viper bites you. The anaconda closely misses you.
The mana viper bites you!
* * * LOW HITPOINT WARNING * * *
The salamander tyrant hits you but does no damage.
As you read the scroll of teleportation, it crumbles to dust.
You feel strangely unstable.
You feel very sick.
* * * LOW HITPOINT WARNING * * *
The anaconda bites you!
* * * LOW HITPOINT WARNING * * *
The anaconda constricts you.
* * * LOW HITPOINT WARNING * * *
The mana viper barely misses you. You block the mana viper's attack.
The anaconda bites you.
* * * LOW HITPOINT WARNING * * *
The anaconda constricts you.
* * * LOW HITPOINT WARNING * * *
You block the salamander tyrant's attack.
The mana viper bites you.
* * * LOW HITPOINT WARNING * * *
The mana viper barely misses you.
You feel better.
You are poisoned.
The naga ritualist's toxic aura wanes.
The naga no longer looks unusually toxic.
The anaconda bites you!
* * * LOW HITPOINT WARNING * * *
The anaconda constricts you.
* * * LOW HITPOINT WARNING * * *
The mana viper bites you!
You die...

...#.#.#.#... #
.#.......#. .
.. ......... .#
..N#.......#..#
. ..>.N8N.>.. #
...#.NNSNN.#..#
.....SSSSN....#
#.SS@NS.#
....#.#S#S#...#
. ..


NS. .. . ... ..... ... ### ####... .## #### # You could see a salamander tyrant,
2 anacondas, 3 naga ritualists, 4 mana vipers, 5 black mambas, 3 naga magi and 3
nagas.

Vanquished Creatures
  A reaper (IceCv)
  A death yak (Lair:4)
  2 orc knights
  A lindwurm (Lair:5)
  2 orc sorcerers (Orc:1)
  A manticore (D:8)
  7 black mambas
  An eye of devastation (Lair:5)
  An ice statue (IceCv)
  Maurice (Orc:1)
  A cane toad (shapeshifter) (D:8)
  An unseen horror (D:10)
  2 rime drakes
  A freezing wraith (IceCv)
  2 komodo dragons
  2 polar bears
  4 trolls
  Prince Ribbit (D:7)
  A hornet (D:9)
  4 blink frogs
  A shadow (D:10)
  5 spriggans (Lair:5)
  2 wyverns
  A dire elephant simulacrum (IceCv)
  2 steam dragons (D:8)
  19 yaks
  3 death yak simulacra (IceCv)
  3 acid dragons
  7 water moccasins
  2 wargs (Orc:2)
  An ice beast (D:5)
  2 sky beasts
  4 orc warriors
  3 black bears
  15 wolves
  3 ogres
  3 boggarts (Lair:5)
  3 centaurs
  A phantom (D:4)
  2 kobold brigands
  2 necrophages (D:5)
  5 bullfrogs
  A gnoll sergeant (D:10)
  4 scorpions
  A cane toad simulacrum (IceCv)
  5 two-headed ogre simulacra (IceCv)
  10 wights
  4 killer bees
  5 elephant simulacra (IceCv)
  4 electric eels
  A hound (D:7)
  2 gnoll boudas
  3 orc priests
  7 iguanas
  11 orc wizards
  3 hell rats
  3 spriggan simulacra (IceCv)
  5 troll simulacra (IceCv)
  2 polar bear simulacra (IceCv)
  3 wolf simulacra (IceCv)
  17 gnolls
  9 adders
  6 naga simulacra (IceCv)
  2 shadow imps
  10 white imps
  7 ufetubi (IceCv)
  2 worms
  2 dart slugs
  24 orcs
  7 endoplasms
  6 goblins
  7 hobgoblins
  10 jackals
  A quokka (D:1)
  11 ball pythons
  2 bats
  3 frilled lizards
  12 kobolds
  5 rats
343 creatures vanquished.

Vanquished Creatures (collateral kills)
  Gastronok (Lair:3)
  Nessos (Lair:4)
  A catoblepas (Lair:4)
  6 spriggans (Lair:5)
  2 torpor snails
  5 black mambas
  8 cane toads
  2 rime drakes
  3 komodo dragons
  3 polar bears
  A dream sheep (Lair:5)
  4 hornets (Lair:5)
  4 blink frogs
  A wyvern (D:10)
  A wraith (D:11)
  4 basilisks
  A steam dragon (Lair:1)
  16 yaks
  8 water moccasins
  A floating eye (Lair:5)
  2 orc warriors
  A black bear (Lair:5)
  17 wolves
  A boggart (Lair:5)
  A kobold brigand (D:9)
  2 bullfrogs
  A howler monkey (D:9)
  An electric eel (D:10)
  3 orc priests
  5 hell rats (Lair:3)
  9 orcs
  A kobold (D:11)
117 creatures vanquished.

Vanquished Creatures (others)
  An orc knight (Lair:2)
  3 orc warriors
  6 orc priests
  3 orc wizards
  25 orcs
  5 fungi
  35 plants
78 creatures vanquished.

Grand Total: 538 creatures vanquished

Notes
Turn   | Place    | Note
-------+----------+-------------------------------------------
     0 | D:1      | avis the Hill Orc Monk began the quest for the Orb.
     0 | D:1      | Reached XP level 1. HP: 19/19 MP: 1/1
   525 | D:1      | Reached XP level 2. HP: 18/26 MP: 2/2
   561 | D:1      | Found a faded altar of an unknown god.
   781 | D:1      | Reached skill level 5 in Axes
  1219 | D:2      | Reached XP level 3. HP: 13/33 MP: 3/3
  1403 | D:2      | You fall into a shaft and drop 1 floor!
  1405 | D:3      | Noticed a scorpion
  1430 | D:3      | Killed a scorpion
  1431 | D:3      | Reached skill level 6 in Axes
  1431 | D:3      | Reached XP level 4. HP: 28/41 MP: 4/4
  1872 | D:2      | Reached XP level 5. HP: 47/47 MP: 5/5
  2609 | D:3      | Found a sparkling altar of Nemelex Xobeh.
  2664 | D:3      | Reached skill level 7 in Axes
  2749 | D:3      | Identified the ring "Tiwiam" {rElec rPois rN+ Str+4 Int+4}
  3086 | D:3      | Found a runed translucent door.
  3094 | D:3      | Noticed Lobster4's ghost (amateur MiHu)
  3399 | D:4      | Reached skill level 5 in Fighting
  3453 | D:4      | Reached XP level 6. HP: 53/56 MP: 6/6
  3463 | D:4      | Reached skill level 8 in Axes
  3844 | D:4      | Found an ornate altar of the Wu Jian Council.
  4199 | D:5      | Entered Level 5 of the Dungeon
  4199 | D:5      | Found an opulent altar of Gozag.
  4199 | D:5      | Found an opulent altar of Gozag.
  4200 | D:5      | Identified the +6 hand axe of Arohampo {vorpal, Will+}
  4204 | D:5      | Found an opulent altar of Gozag.
  4221 | D:5      | Reached XP level 7. HP: 60/62 MP: 7/7
  4326 | D:5      | Reached skill level 9 in Axes
  4382 | D:5      | Reached skill level 10 in Axes
  4704 | D:5      | Reached skill level 11 in Axes
  4704 | D:5      | Reached XP level 8. HP: 61/70 MP: 8/8
  4743 | D:5      | Found an opulent altar of Gozag.
  4793 | D:5      | Became a worshipper of Beogh the Brigand
  4793 | D:5      | Reached * piety under Beogh
  4793 | D:5      | Reached ** piety under Beogh
  5510 | D:6      | Reached skill level 1 in Invocations
  5567 | D:6      | Reached skill level 12 in Axes
  5966 | D:6      | Found a hide-covered altar of Uskayaw.
  6224 | D:7      | Reached skill level 13 in Axes
  6224 | D:7      | Reached XP level 9. HP: 71/75 MP: 12/12
  6342 | D:7      | Reached skill level 5 in Invocations
  6673 | D:7      | Found a bloodstained altar of Trog.
  6733 | D:7      | Noticed Prince Ribbit
  6739 | D:7      | Killed Prince Ribbit
  6740 | D:7      | Reached skill level 14 in Axes
  6918 | D:7      | Found a staircase to the Ecumenical Temple.
  6924 | Temple   | Entered the Ecumenical Temple
  7277 | D:8      | Noticed a manticore
  7296 | D:8      | Killed a manticore
  7424 | D:8      | Found a transporter.
  7426 | D:8      | Noticed Applejack244's ghost (novice DsMo)
  7597 | D:8      | Found a burning altar of Makhleb.
  7721 | D:8      | Found a transporter.
  7749 | D:8      | Reached skill level 15 in Axes
  7800 | D:8      | Found a shimmering blue altar of Sif Muna.
  7830 | D:8      | Reached *** piety under Beogh
  7946 | D:8      | Found a faded altar of an unknown god.
  7946 | D:8      | Noticed a cane toad
  7946 | D:8      | Found the Hermit's Pendant {Faith Invo=14 Evo=0 MP+5}
  7953 | D:8      | Killed a cane toad
  7954 | D:8      | Reached XP level 10. HP: 72/83 MP: 15/15
  8291 | D:8      | Reached skill level 16 in Axes
  9024 | D:9      | Found a shimmering altar of Xom.
  9025 | D:9      | Found a shimmering altar of Xom.
  9025 | D:9      | Found a shimmering altar of Xom.
  9026 | D:9      | Found a shimmering altar of Xom.
 10146 | D:10     | Entered Level 10 of the Dungeon
 10343 | D:10     | Reached skill level 10 in Fighting
 10437 | D:10     | Killed an unseen horror
 10620 | D:10     | Found a staircase to the Orcish Mines.
 10775 | D:10     | Reached **** piety under Beogh
 11283 | D:10     | Reached XP level 11. HP: 85/102 MP: 21/21
 11869 | D:10     | Found a white marble altar of Elyvilon.
 11877 | D:10     | Found a glowing silver altar of Zin.
 12009 | D:10     | Found a glowing golden altar of the Shining One.
 12438 | D:11     | Found a staircase to the Lair.
 12792 | Lair:1   | Entered Level 1 of the Lair of Beasts
 12846 | Lair:1   | Found a frozen archway.
 12852 | Lair:1   | Reached skill level 1 in Armour
 12866 | IceCv    | Entered an ice cave
 14669 | IceCv    | Reached skill level 5 in Armour
 14891 | IceCv    | Noticed a reaper
 14904 | IceCv    | Reached ***** piety under Beogh
 14907 | IceCv    | Killed a reaper
 15399 | Lair:1   | Reached skill level 5 in Dodging
 15647 | Lair:1   | Reached XP level 12. HP: 115/115 MP: 22/22
 16640 | Lair:2   | Found a staircase to the Shoals.
 16685 | Lair:2   | You fall into a shaft and drop 2 floors!
 17687 | Lair:3   | Identified the +8 quarterstaff "Kies" {drain, rElec rF+
                  | Will++}
 17780 | Lair:3   | Gained Ogrik as an ally
 17786 | Lair:3   | Reached skill level 15 in Fighting
 17788 | Lair:3   | Identified the +8 dagger "Heck" {protect, rF- Int+4 Dex+7
                  | SInv}
 17800 | Lair:3   | Found a staircase to the Snake Pit.
 18171 | Lair:3   | Got the Reference Book on Pestilence and the Birds
 18239 | Lair:3   | Noticed Gastronok
 18251 | Lair:3   | Killed Gastronok
 18252 | Lair:3   | Reached skill level 17 in Axes
 19139 | Lair:4   | Noticed Nessos
 19320 | Lair:4   | Noticed a death yak
 19328 | Lair:4   | Gained Wargath as an ally
 19336 | Lair:4   | Killed a death yak
 19342 | Lair:4   | Reached skill level 18 in Axes
 19497 | Lair:4   | Noticed a catoblepas
 19513 | Lair:4   | Killed a catoblepas
 19686 | Lair:4   | Killed Nessos
 20769 | Lair:5   | Entered Level 5 of the Lair of Beasts
 20931 | Lair:4   | Reached XP level 13. HP: 109/128 MP: 23/23
 21002 | Lair:4   | Reached skill level 1 in Throwing
 21227 | Lair:5   | Found a viscous altar of Jiyva.
 21228 | Lair:5   | Found a staircase to the Slime Pits.
 21561 | Lair:5   | Reached skill level 5 in Throwing
 21567 | Lair:5   | Reached ****** piety under Beogh
 21987 | Lair:5   | Identified the +9 great sword of Moral Flaws {vorpal, rPois
                  | Str+7}
 22574 | Orc:1    | Entered Level 1 of the Orcish Mines
 22886 | Orc:1    | Noticed Maurice
 22888 | Orc:1    | Killed Maurice
 23237 | Orc:1    | Noticed an ettin
 23242 | Orc:1    | Found a bloodstained altar of Trog.
 23242 | Orc:1    | Found the +8 Wrath of Trog {antimagic, *Rage Rampage}
 23242 | Orc:1    | Found the +8 lance "Wyrmbane" {slay drac, rPois rF+ rC+
                  | AC+3}
 23319 | Orc:2    | Entered Level 2 of the Orcish Mines
 23669 | Orc:2    | Found a staircase to the Elven Halls.
 23931 | Lair:1   | Upgraded the game from 0.30-a0-373-gd37427bb62 to
                  | 0.30-a0-374-g95c0257040
 24002 | Snake:1  | Entered Level 1 of the Snake Pit
 24018 | Snake:1  | HP: 5/128 [anaconda (8)]
 24018 | Snake:1  | HP: 1/128 [constriction (4)]
 24018 | Snake:1  | Mangled by a mana viper

Illustrated notes

Levels and vault maps discovered:
D:1:      co_arrival_square_in_a_square_in_a_square, layout_basic,
          shapermc_ecumenical_altar_gd
D:2:      layout_loops_cross
D:3:      layout_loops_ring, marbit_many_paths, ebering_ghost_sewer_d
D:4:      minmay_general_purpose_star, layout_basic,
          nicolae_overflow_crystal_walls
D:5:      layout_loops_corners, nicolae_gozag_conspicuous_consumption
D:6:      layout_basic, mainiacjoe_overflow_alcove_4
D:7:      layout_cave_pools, trog_three_pillars_becter,
          minmay_temple_entry_enclosed_plants, st_stairs_3,
          nicolae_concentric_dashed_squares_mild, corexii_corridor_pit,
          uniq_prince_ribbit1
D:8:      layout_loops_corners, lemuel_doored_altar, amcnicky_altar_gilded,
          gammafunk_ghost_stat_death, hellmonk_guarded_unrand_hermit
D:9:      layout_basic, xom_redecorated, minmay_fractal_squares_5
D:10:     layout_long_grid, good_gods_temple_1, erik_orc_2
D:11:     layout_basic, lair_entry_dummy, nicolae_trove_entry_path_of_doom
Temple:   minmay_freezing_vapour_temple
Lair:1:   layout_hall_layers, portal_ice_cave_rime
Lair:2:   layout_chaotic_city, elwin_shoals_entry_rocks,
          infiniplex_staircase_pool, serial_bayou_shore_b, grunt_megastairs_1,
          serial_bayou_shore_b
Lair:3:   layout_cave_pods, minmay_snake_entry_six_corridors,
          grunt_megastairs_4, uniq_gastronok
Lair:4:   layout_layer_cave, serial_bayou_pond_e, nicolae_lair_yak_garden,
          uniq_nessos
Lair:5:   minmay_lair_end_enchanted_forest, layout_misc_corridors,
          minmay_slime_entry_eyes, grunt_megastairs_5
Snake:1:  layout_gridlike, evilmike_ambush [evilmike_ambush_outer_pillars,
          evilmike_ambush_inner_basic], uniq_aizul, uniq_donald
Orc:1:    emtedronai_trogs_sanctum, layout_caves, uniq_maurice
Orc:2:    st_orc_open, layout_diamond_mine, uniq_jorgrun

Skill      XL: |  1  2  3  4  5  6  7  8  9 10 11 12 13 |
---------------+----------------------------------------+-----
Axes           | 5 6 7 8 11 13 15 16 18 | 18.0
Fighting       | 4 5 6 11 13 15 16 | 16.0
Invocations    | 4 7 |  7.9
Stealth        | 3 |  3.0
Dodging        | 5 |  5.0
Armour         | 5 9 |  9.4
Throwing       | 5 |  5.0

Action                   |  1- 3 |  4- 6 |  7- 9 | 10-12 | 13-15 || total
-------------------------+-------+-------+-------+-------+-------++-------
Melee: Hand axe          |    98 |   120 |   247 |   580 |   219 ||  1264
       Punch             |     2 |     1 |     4 |       |       ||     7
       War axe           |       |    91 |       |       |       ||    91
Throw: Dart              |       |       |    11 |       |       ||    11
Invok: Convert to Beogh  |       |       |     1 |       |       ||     1
       Recall Orcish Fol |       |       |       |    18 |     4 ||    22
       Smiting           |       |       |       |     4 |     2 ||     6
       Stop Recall       |       |       |       |     9 |     1 ||    10
       Give Item to Name |       |       |       |     2 |       ||     2
       Resurrection      |       |       |       |       |     1 ||     1
Evoke: Wand              |       |       |     1 |       |       ||     1
  Use: Scroll            |     1 |     5 |     2 |     5 |     3 ||    16
       Potion            |     1 |       |       |     1 |     6 ||     8
 Stab: Sleeping          |     1 |     3 |       |       |       ||     4
       Distracted        |       |     1 |       |     1 |     1 ||     3
Armor: Robe              |    11 |    19 |       |       |       ||    30
       Chain mail        |       |    23 |    66 |   123 |       ||   212
       Ring mail         |       |       |       |    59 |    92 ||   151
Dodge: Dodged            |    51 |    84 |    77 |   202 |   145 ||   559
Block: Other             |     4 |    34 |    39 |       |       ||    77
       Buckler           |       |       |       |    54 |    41 ||    95
       Kite shield       |       |       |       |    51 |       ||    51

Table legend: (Time is in decaauts)
 A = Elapsed time spent in this place.
 B = Non-inter-level travel time spent in this place.
 C = Inter-level travel time spent in this place.
 D = Time resting spent in this place.
 E = Time spent auto-exploring this place.
 F = Levels seen in this place.
 G = Mean time per level.
                   A        B        C        D        E       F      G
               +--------+--------+--------+--------+--------+-----+--------+
         Total |  23770 |  20037 |   3733 |   4640 |   9203 |  21 | 1131.9 |
       Dungeon |  13249 |  10448 |   2801 |   1454 |   5888 |  11 | 1204.5 |
        Temple |    148 |    139 |      9 |      0 |      0 |   1 |  148.0 |
          Lair |   7070 |   6178 |    892 |   1421 |   3002 |   5 | 1414.0 |
     Snake Pit |     12 |     12 |      0 |      0 |      0 |   1 |   12.0 |
  Orcish Mines |    972 |    942 |     30 |     62 |    313 |   2 |  486.0 |
      Ice Cave |   2317 |   2317 |      0 |   1703 |      0 |   1 | 2317.0 |
               +--------+--------+--------+--------+--------+-----+--------+

Top non-repeatable levels by time:
   IceCv: 2317 daAuts
    D:10: 1886 daAuts
  Lair:4: 1873 daAuts
     D:8: 1868 daAuts
  Lair:1: 1598 daAuts
     D:1: 1411 daAuts
  Lair:3: 1406 daAuts
     D:9: 1351 daAuts
     D:3: 1235 daAuts
     D:7: 1185 daAuts
     D:5: 1147 daAuts
  Lair:5: 1143 daAuts
  Lair:2: 1048 daAuts
     D:4: 905 daAuts
     D:6: 840 daAuts
